 Dungeon Crawl Stone Soup version 0.18-b1-18-g7758cf2 (webtiles) character file.

3360 Wooh the Fighter (level 9, 0/85 HPs)
             Began as a Yellow Draconian Gladiator on May 2, 2016.
             Was a Priest of Zin.
             Slain by an orc warrior
             ... wielding a +0 trident
              (20 damage)
             ... on level 8 of the Dungeon.
             The game lasted 00:35:18 (8878 turns).

Wooh the Fighter (Yellow Draconian Gladiator)       Turns: 8878, Time: 00:35:19

Health: 0/85       AC: 10    Str: 23    XL:     9   Next: 73%
Magic:  20/20      EV: 17    Int:  8    God:    Zin [***...]
Gold:   360        SH:  0    Dex: 14    Spells: 0 memorised, 8 levels left

rFire  . . .     SeeInvis +     H - +5 spear of World's End {venom, +Rage MP+9 Str+4 SInv}
rCold  . . .     Gourm    .     (armour unavailable)
rNeg   . . .     Faith    .     (no shield)
rPois  .         Spirit   .     b - +0 hat
rElec  .         Dismiss  .     (no cloak)
rCorr  +         Reflect  .     t - +0 pair of gloves
SustAt .         Harm     .     P - +1 pair of boots {Stlth+}
MR     +....                    F - amulet of regeneration
Stlth  ++........               (no ring)
                                T - ring of protection from magic

@: starving, somewhat resistant to hostile enchantments, unstealthy
A: spit acid, acid resistance, unfitting armour, cold-blooded, AC +7
a: Spit Acid, Recite, Vitalisation, Imprison, Donate Gold, Renounce Religion,
Evoke Berserk Rage


You were on level 8 of the Dungeon.
You worshipped Zin.
Zin was most pleased with you.
You were starving.

You visited 2 branches of the dungeon, and saw 9 of its levels.

You collected 509 gold pieces.
You spent 99 gold pieces at shops.
You donated 50 gold pieces to Zin.

Inventory:

Hand Weapons
 a - a +0 long sword
 A - a +0 blowgun
 G - a +1 short sword of venom
 H - the +5 spear of World's End (weapon) {venom, +Rage MP+9 Str+4 SInv}
   (You found it on level 5 of the Dungeon)

   It poisons the flesh of those it strikes.
   It affects your strength (+4).
   It affects your magic capacity (+9).
   It lets you see invisible.
   It lets you go berserk.
 I - a +0 hand crossbow
 M - a +3 shortbow of flaming
Missiles
 c - 3 throwing nets (quivered)
 q - 40 bolts
 u - 92 arrows
 y - 9 poisoned needles
Armour
 b - a +0 hat (worn)
 p - a +0 large shield
 t - a +0 pair of gloves (worn)
 P - a +1 pair of boots of stealth (worn)
 Q - a +0 pair of boots
Jewellery
 i - an uncursed ring of see invisible
 F - an amulet of regeneration (around neck)
 S - a +6 ring of intelligence
 T - a ring of protection from magic (left hand)
Wands
 l - a wand of iceblast (5/15)
Scrolls
 g - 4 scrolls of remove curse
 h - 2 scrolls of teleportation {unknown}
 m - a scroll of fear {unknown}
 n - a scroll of immolation
 s - a scroll of noise {unknown}
 x - 3 scrolls of recharging {unknown}
 J - 2 scrolls of enchant armour {unknown}
 N - 3 scrolls of amnesia {unknown}
Potions
 e - a potion of cancellation
 j - a potion of heal wounds {unknown}
 k - 2 potions of curing {unknown}
 o - a potion of flight {unknown}
 r - 4 potions of lignification {unknown}
 v - 2 potions of invisibility {unknown}
 w - a potion of beneficial mutation {unknown}
 B - 3 potions of cure mutation
 C - 2 potions of resistance {unknown}
 D - a potion of haste {unknown}
 E - 4 potions of degeneration
 K - 3 potions of might
Comestibles
 d - 5 bread rations
 f - 2 beef jerkies
 z - a fruit
 L - a slice of pizza
 O - 2 chunks of flesh
 R - a meat ration


   Skills:
 - Level 10.2 Fighting
 - Level 3.0 Long Blades
 - Level 1.7 Throwing
 + Level 9.5 Dodging
 - Level 2.9 Invocations


You had 8 spell levels left.
You didn't know any spells.

Dungeon Overview and Level Annotations

Branches:
Dungeon (8/15)             Temple (1/1) D:4
   Lair: D:8-11

Altars:
Ashenzari
Cheibriados
Dithmenos
Elyvilon
Gozag
Kikubaaqudgha
Nemelex Xobeh
Okawaru
Pakellas
Qazlal
Ru
Sif Muna
Trog
Vehumet
Xom
Yredelemnul
Zin
The Shining One

Shops:
D:4 [   D:7 [[


Innate Abilities, Weirdness & Mutations

You can spit globs of acid.
You are resistant to acid.
Your golden yellow scales are hard (AC +7).
Your body does not fit into most forms of armour.
You are cold-blooded and may be slowed by cold attacks.


Message History

* * * LOW HITPOINT WARNING * * *
The hungry ghost misses you.
You're too hungry.
You closely miss the hungry ghost.
The hungry ghost is almost destroyed.
You have got your breath back.
The orc priest casts a cantrip, but nothing happens.
The hungry ghost hits you.
* * * LOW HITPOINT WARNING * * *
You feel somewhat more hungry.
You puncture the hungry ghost!
You destroy the hungry ghost!
Zin accepts your kill. The orc warrior closely misses you.
The orc priest looks braver for a moment.
Found a scroll labeled WIAGEU MABB.
Found a meat ration.
Found a short fluorescent wand.
The orc warrior hits you from afar with a trident!!
You die...

.. ## #. ..# ## ....
#..##. ###. #. ##..?.###..
#.# #.........## #.## ##
#..........###..##..
#........o.........#
/##...@##..o##.####
........####..o....#
.#.%....# #####.#.#
###....# #.# #..### #.#
###..##### #o#
..P..♣..P#### #.#
###P..P♣♣....P###o##
##)...≈≈♣≈≈...[.....####..


You could see an orc warrior.

Vanquished Creatures
  Joseph (D:8)
  Eustachio (D:6)
  A hungry ghost (D:8)
  A water moccasin (D:5)
  Duvessa (D:5)
  3 ice beasts
  2 phantoms
  2 sky beasts
  3 black bears
  2 centaurs
  3 ogres
  A wyvern zombie (D:6)
  Dowan (D:5)
  2 scorpions
  4 killer bees (D:7)
  A crimson imp (D:7)
  2 giant frog zombies (D:5)
  2 centaur zombies
  2 hounds
  4 orc priests
  2 centaur skeletons
  A giant frog skeleton (D:7)
  2 iguanas
  An orc wizard (D:3)
  2 worker ants
  A hound skeleton (D:6)
  5 gnolls
  13 adders
  3 oozes
  An adder zombie (D:6)
  4 worms
  3 dart slugs
  A giant gecko (D:2)
  13 orcs
  3 giant cockroaches
  9 goblins
  5 hobgoblins (D:1)
  9 jackals
  5 quokkas
  2 ball pythons
  7 bats
  9 giant newts
  2 gnoll zombies (D:4)
  10 kobolds
  3 rats
155 creatures vanquished.

Notes
Turn   | Place    | Note
--------------------------------------------------------------
     0 | D:1      | Wooh the Draconian Gladiator began the quest for the Orb.
     0 | D:1      | Reached XP level 1. HP: 17/17 MP: 1/1
   178 | D:1      | Reached skill level 3 in Fighting
   371 | D:1      | Reached XP level 2. HP: 25/26 MP: 2/2
   935 | D:2      | Reached XP level 3. HP: 33/33 MP: 3/3
   942 | D:2      | Reached skill level 4 in Fighting
  1860 | D:3      | Reached XP level 4. HP: 37/41 MP: 4/4
  1973 | D:3      | Reached skill level 5 in Fighting
  2510 | D:3      | Reached XP level 5. HP: 18/50 MP: 5/5
  2537 | D:3      | Reached skill level 6 in Fighting
  2822 | D:3      | Found an opulent altar of Gozag.
  2991 | D:4      | Found a staircase to the Ecumenical Temple.
  3000 | Temple   | Entered the Ecumenical Temple
  3257 | Temple   | Became a worshipper of Zin the Law-Giver
  3257 | Temple   | Reached * piety under Zin
  3297 | D:4      | Noticed a phantom
  3621 | D:4      | Killed a phantom
  3621 | D:4      | Reached skill level 7 in Fighting
  3621 | D:4      | Reached XP level 6. HP: 33/60 MP: 6/6
  3716 | D:4      | Found a radiant altar of Vehumet.
  3735 | D:4      | Found a sparkling altar of Nemelex Xobeh.
  4201 | D:4      | Reached skill level 8 in Fighting
  4856 | D:4      | Found Xuytyiph's Armour Emporium.
  5206 | D:4      | Found a basalt altar of Yredelemnul.
  5337 | D:5      | Entered Level 5 of the Dungeon
  5361 | D:5      | Your scales start taking on a golden yellow colour.
  5361 | D:5      | Reached XP level 7. HP: 41/69 MP: 7/7
  5590 | D:5      | Found an iron altar of Okawaru.
  5608 | D:5      | Got a warped spear
  5609 | D:5      | Identified the +5 spear of World's End {venom, +Rage MP+9 Str+4 SInv} (You found it on level 5 of the Dungeon)
  5611 | D:5      | Noticed Dowan
  5612 | D:5      | Noticed Duvessa
  5631 | D:5      | Killed Dowan
  5635 | D:5      | Killed Duvessa
  5635 | D:5      | Reached skill level 9 in Fighting
  6032 | D:5      | Reached skill level 10 in Fighting
  6248 | D:5      | Found an oddly glowing altar of Pakellas.
  6249 | D:5      | Found a shattered altar of Ashenzari.
  6249 | D:5      | Found an ancient bone altar of Kikubaaqudgha.
  6262 | D:5      | Found a sacrificial altar of Ru.
  6469 | D:5      | Reached ** piety under Zin
  6682 | D:6      | Reached skill level 1 in Invocations
  6682 | D:6      | Reached XP level 8. HP: 70/79 MP: 9/9
  6918 | D:6      | Noticed Eustachio
  6930 | D:6      | Killed Eustachio
  7328 | D:5      | Reached skill level 5 in Dodging
  7709 | D:6      | Found a shimmering altar of Xom.
  8110 | D:7      | Reached XP level 9. HP: 79/85 MP: 11/11
  8168 | D:7      | Found a bloodstained altar of Trog.
  8184 | D:7      | Found Dyci's Antique Armour Boutique.
  8192 | D:7      | Bought a pair of glowing boots for 99 gold pieces
  8209 | D:7      | Reached *** piety under Zin
  8270 | D:7      | Found Jula's Antique Armour Boutique.
  8760 | D:8      | Noticed Joseph
  8772 | D:8      | Killed Joseph
  8878 | D:8      | Slain by an orc warrior

Skill      XL: |  1  2  3  4  5  6  7  8  9 |
---------------+----------------------------+-----
Fighting       | 3 4 5 7 8 10 | 10.2
Dodging        | 3 6 9 |  9.5
Invocations    | 1 2 |  2.9
Long Blades    | |  3.0
Throwing       | |  1.7

Action                   |  1- 3 |  4- 6 |  7- 9 || total
-------------------------+-------+-------+-------++-------
Melee: Long sword        |   114 |   212 |     4 ||   330
       Tailslap          |    14 |    32 |    34 ||    80
       Spear             |       |       |   290 ||   290
 Fire: Blowgun           |       |     3 |       ||     3
Invok: Recite            |       |     1 |       ||     1
 Abil: Spit Acid         |       |       |     8 ||     8
  Use: Scroll            |       |       |     5 ||     5
 Stab: Sleeping          |       |     1 |     3 ||     4
  Eat: Chunk             |     3 |     6 |     3 ||    12
       Meat ration       |       |     1 |     2 ||     3
Armor: Skin              |    39 |    76 |    76 ||   191
Dodge: Dodged            |    77 |   149 |   222 ||   448
